 Dungeon Crawl Stone Soup version 0.31.0-11-ge490571c62 (webtiles) character file.

Game seed: 7043558662415466805

81 ces the Chopper (level 4, -4/39 HPs)
             Began as a Minotaur Fighter on Jan 30, 2024.
             Slain by an iguana (6 damage)
             ... on level 4 of the Dungeon.
             The game lasted 00:01:42 (1201 turns).

ces the Chopper (Minotaur Fighter)                  Turns: 1201, Time: 00:01:42

Health: -4/39      AC:  6    Str: 23    XL:     4   Next: 19%
Magic:  3/3        EV:  9    Int:  5    God:
Gold:   85         SH:  4    Dex:  9    Spells: 3/3 levels left

rFire   . . .        a - +0 war axe
rCold   . . .        c - +0 buckler
rNeg    . . .        b - +0 scale mail
rPois   .            (helmet restricted)
rElec   .            (no cloak)
rCorr   .            (no gloves)
SInv    .            (no boots)
Will    .....        (no amulet) Stlth
                     (no ring)
HPRegen 0.26/turn    (no ring)
MPRegen 0.08/turn

%: no passive effects
@: silenced, attractive
A: horns 2, retaliatory headbutt
a: no special abilities


You were on level 4 of the Dungeon.
You visited 1 branch of the dungeon, and saw 3 of its levels.

You collected 85 gold pieces.

Inventory:

Hand Weapons
 a - a +0 war axe (weapon)
Armour
 b - a +0 scale mail (worn)
 c - a +0 buckler (worn)
Jewellery
 e - a +6 ring of strength
 g - a +6 ring of strength
Scrolls
 j - a scroll of enchant weapon {unknown}
 k - a scroll of identify {unknown}
 l - a scroll of fear {unknown}
Potions
 d - a potion of might


   Skills:
 - Level 3.6 Fighting
 + Level 5.5 Axes
 - Level 3.6 Armour
 - Level 3.6 Shields


You had 3 spell levels left.
You didn't know any spells.
Your spell library contained the following spells:

 Spells                   Type           Power      Damage    Failure   Level
 Olgreb's Toxic Radiance  Alch           0%         N/A       100%        4
 Ozocubu's Refrigeration  Ice            0%         4d7       100%        7
 Discord                  Hex            0%         N/A       100%        8


Dungeon Overview and Level Annotations

Branches:
Dungeon (2/15)

Altars:

Shops:
D:1 [   D:2 [


Innate Abilities, Weirdness & Mutations

You have a pair of horns on your head.
You reflexively headbutt those who attack you in melee.


Message History

You are too injured to fight recklessly!
You hit the iguana.
The iguana is moderately wounded.
You block the iguana's attack.
You completely miss the iguana.
The iguana is moderately wounded.
You block the iguana's attack.
You hit the iguana. Your headbutt misses the iguana.
The iguana is heavily wounded.
The iguana bites you but does no damage.
The iguana bites you.
You closely miss the iguana.
The iguana is heavily wounded.
The iguana bites you but does no damage.
You barely miss the iguana. Your headbutt misses the iguana.
The iguana is heavily wounded.
The iguana bites you!
* * * LOW HITPOINT WARNING * * *
It was a potion of attraction.
You feel attractive to monsters. The iguana bites you.
* * * LOW HITPOINT WARNING * * *
It was a potion of curing.
You feel better. The iguana bites you.
As you read the scroll labelled BEINEADECS, it crumbles to dust.
A profound silence engulfs you.
It was a scroll of silence.
The iguana bites you.
* * * LOW HITPOINT WARNING * * *
You barely miss the iguana. Your headbutt misses the iguana.
The iguana is heavily wounded.
The iguana bites you.
* * * LOW HITPOINT WARNING * * *
The iguana bites you but does no damage.
You hit the iguana but do no damage. You headbutt the iguana!
The iguana is almost dead.
The iguana bites you!
* * * LOW HITPOINT WARNING * * *
You closely miss the iguana.
The iguana is almost dead.
The iguana bites you.
You die...

#............
#..##....######
#............##
#.............#
#.............#
##.............#
####..............#
..................#
#.............l@.#
#..##............#
#.##.####.######.#
#.? ..... ... #.#
#.####... ...# #..
# .... ...# #.. ...
...# .# ... ....


You could see an iguana.

Vanquished Creatures
  An iguana (D:4)
  2 dart slugs
  2 ribbon worms
  6 bats (D:1)
  5 endoplasms
  A giant cockroach (D:1)
  3 goblins
  6 hobgoblins (D:1)
  6 kobolds
  4 quokkas (D:1)
  4 ball pythons
  2 frilled lizards (D:1)
  A rat (D:2)
43 creatures vanquished.

Notes
Turn   | Place    | Note
-------+----------+-------------------------------------------
     0 | D:1      | ces the Minotaur Fighter began the quest for the Orb.
     0 | D:1      | Reached XP level 1. HP: 19/19 MP: 0/0
    69 | D:1      | Reached skill level 3 in Axes
    74 | D:1      | Reached XP level 2. HP: 26/26 MP: 1/1
   169 | D:1      | Found Qaveqyf's Armour Shoppe.
   270 | D:1      | Reached skill level 4 in Axes
   467 | D:1      | Reached XP level 3. HP: 31/31 MP: 2/2
   999 | D:2      | Found Bonunalo's Armour Shop.
  1156 | D:2      | You fall into a shaft and drop 2 floors!
  1180 | D:4      | Reached skill level 5 in Axes
  1182 | D:4      | Reached XP level 4. HP: 16/39 MP: 3/3
  1201 | D:4      | Slain by an iguana

Illustrated notes

Levels and vault maps discovered:
D:1:      sevenhm_arrival_forest_fort_large_2, layout_basic, serial_shops,
          nicolae_shop_tiny_real_fake_doors
D:2:      minmay_kobold_bridge, layout_loops_ring, serial_shops,
          nicolae_shop_stone, kennysheep_generic_room_2
D:4:      layout_basic, minmay_temple_entry_overgrown, serial_shops,
          nicolae_shop_real_fake_doors, minmay_pentomino_pile, uniq_pikel

Skill      XL: |  1  2  3 |
---------------+----------+-----
Axes           | 3 4 5 |  5.5
Fighting       | |  3.6
Armour         | |  3.6
Shields        | |  3.6

Action                     |  1- 3 |  4- 6 || total
---------------------------+-------+-------++-------
  Melee: War axe           |    78 |     8 ||    86
         Headbutt          |    10 |     1 ||    11
    Use: Potion            |       |     2 ||     2
         Scroll            |       |     1 ||     1
 Armour: Scale mail        |    50 |    12 ||    62
  Dodge: Dodged            |    36 |     1 ||    37
  Block: Buckler           |    13 |     2 ||    15
